 Dungeon Crawl Stone Soup version 0.29.1-1-gd02db6906a (webtiles) character file.

Game seed: 5076865339227797034

39 Tiocfaidh the Gusty (level 3, -1/14 HPs)
             Began as a Felid Air Elementalist on Oct 8, 2022.
             Succumbed to an adder's poison
             ... on level 2 of the Dungeon.
             The game lasted 00:08:15 (1567 turns).

Tiocfaidh the Gusty (Felid Air Elementalist)        Turns: 1567, Time: 00:08:16

Health: -1/14      AC:  1    Str:  2 (4)  XL:     3   Next: 26%
Magic:  0/7        EV: 17    Int: 15 (18) God:
Gold:   80         SH:  0    Dex: 14 (16) Spells: 5/6 levels left
                                        Lives:  0   Deaths: 0

rFire   . . .      SeeInvis +   (weapon unavailable)
rCold   . . .      Faith    .   (shield unavailable)
rNeg    . . .      Spirit   .   (body armour unavailable)
rPois   .          Reflect  .   (helmet unavailable)
rElec   .          Harm     .   (cloak unavailable)
rCorr   .          Rampage  .   (gloves unavailable)
Will    .....                   (boots unavailable)
Stlth   ++........              (no amulet)
HPRegen 0.04/turn               (no ring)
MPRegen 0.10/turn               (no ring)

@: lethally poisoned (-1 -> -7), attractive, quick
A: very small, claws 1, fangs 3, see invisible, speed 1, shaggy fur 1, stealthy
paws, no weapons or thrown items, no armour, multi-lived
a: no special abilities


You were on level 2 of the Dungeon.
You visited 1 branch of the dungeon, and saw 2 of its levels.

You collected 80 gold pieces.

Inventory:

Scrolls
 b - 3 scrolls of identify {unknown}
 e - a scroll of blinking {unknown}
 f - a scroll of fear {unknown}
Potions
 a - a potion of magic
 g - a potion of berserk rage {unknown}


   Skills:
 + Level 2.9 Dodging
 + Level 2.9 Stealth
 + Level 2.3 Spellcasting
 + Level 1.2 Conjurations
 + Level 3.4 Air Magic


You had 5 spell levels left.
You knew the following spells:

 Your Spells              Type           Power      Damage    Failure   Level
a - Shock                 Conj/Air       32%        1d5       9%          1

Your spell library contained the following spells:

 Spells                   Type           Power      Damage    Failure   Level
 Static Discharge         Conj/Air       8%         3-4/arc   12%         2
 Swiftness                Air            12%        N/A       16%         3
 Airstrike                Air            6%         2d(1-17)  45%         4


Dungeon Overview and Level Annotations

Branches:
Dungeon (2/15)

Altars:


Innate Abilities, Weirdness & Mutations

You have sharp claws.
You have razor-sharp teeth.
You have supernaturally acute eyesight. (SInv)
You cover ground quickly. (Speed+)
You are covered in fur. (AC +1)
Your paws help you pounce on unaware monsters.
You are incapable of wielding weapons or throwing items.
You cannot wear armour.
You gain extra lives every three experience levels.


Message History

You don't have enough magic to cast this spell.
You barely miss the adder. Your bite misses the adder.
The adder is heavily wounded.
The adder misses you. The adder barely misses you.
You closely miss the adder.
The adder is heavily wounded.
The adder misses you.
You barely miss the adder.
The adder is heavily wounded.
The adder completely misses you.
You scratch the adder.
The adder is severely wounded.
The adder bites you.
You are poisoned.
The adder poisons you!
You completely miss the adder.
The adder is severely wounded.
You feel sick. The adder bites you.
You are lethally poisoned!
The adder poisons you! The adder completely misses you.
You closely miss the adder. You bite the adder, but do no damage.
The adder is severely wounded.
* * * LOW HITPOINT WARNING * * *
You feel sick. The adder misses you.
Aiming: Shock (safe; 7% risk of failure)
Press: ? - help, Q - select action Shift-Dir - straight line, f/p - adder
Aim: an adder (severely wounded, 48% to hit)
The zap hits the adder.
You kill the adder!
* * * LOW HITPOINT WARNING * * *
You feel sick.
It was a potion of degeneration.
There was something very wrong with that liquid.
You feel weakened.
You feel dopey.
You feel clumsy.
* * * LOW HITPOINT WARNING * * *
You feel sick.
Your magical contamination has completely faded away.
It was a potion of attraction.
You feel attractive to monsters.
You die...

##...####.........#
###.......+.........+
#......####.........
#.###.## .......
#.###.# ..... #.....#
... #..##.# #)#
#..##^# #.# #.....#
#@# ##.#### ###.###
#.# #.>...# #.#
#.....#
#.##########.....#
#..............#.#
############.#.......
#.....#### #######


There were no monsters in sight!

Vanquished Creatures
  An adder (D:2)
  2 ball pythons (D:2)
  2 endoplasms
  A giant cockroach (D:1)
  3 goblins (D:2)
  5 hobgoblins (D:1)
  A quokka (D:2)
  4 bats
  A frilled lizard (D:1)
  2 kobolds
  3 rats
25 creatures vanquished.

Notes
Turn   | Place    | Note
-------+----------+-------------------------------------------
     0 | D:1      | Tiocfaidh the Felid Air Elementalist began the quest for
                  | the Orb.
     0 | D:1      | Reached XP level 1. HP: 7/7 MP: 4/4
   343 | D:1      | Reached skill level 1 in Conjurations
   607 | D:1      | Reached skill level 3 in Air Magic
   609 | D:1      | Reached XP level 2. HP: 11/11 MP: 0/6
   913 | D:1      | Found a faded altar of an unknown god.
  1261 | D:1      | You fall into a shaft and drop 1 floor!
  1556 | D:2      | Reached XP level 3. HP: 14/14 MP: 3/7
  1567 | D:2      | Succumbed to an adder's poison

Illustrated notes

Levels and vault maps discovered:
D:1:      onia_arrival_pyramid, layout_loops_corners,
          chequers_ecumenical_altar_simple_redux
D:2:      layout_loops_corners, nrook_campfire

Skill      XL: |  1 |
---------------+----+-----
Conjurations   | 1 |  1.2
Air Magic      | 3 |  3.4
Dodging        | |  2.9
Stealth        | |  2.9
Spellcasting   | |  2.3

Action                   || total
-------------------------++-------
Melee: Unarmed           ||    15
       Bite              ||     2
 Cast: Shock             ||    42
  Use: Potion            ||     2
Armor: Skin              ||     2
Dodge: Dodged            ||    24
